nht, neutral male scurrid Tourist ------ ---- |..... |...| |....|# ##+ +...| |....|# # |...| ....<|##########%%%##################....| |.....# @ ----- ------# #%#T## # nht the Excursionist Experience level: 9 Strength: 25 Dexterity: 15 Constitution: 14 Intelligence: 12 Wisdom: 11 Charisma: 15 Health: 0(45) Energy: 39(39) Def: 9 Gold: 329 Moves: 1514 Dungeon seed: GZalpbB6mOmjkuoA Game ID: nht_1514975204 Your Inventory: Coins $ - 329 gold pieces Weapons c - a blessed corroded +2 dart named +2 h - 3 blessed +2 darts named +2 j - 5 blessed +2 darts named +2 (in quiver) q - a blessed +2 elven bow named Bow of Torment w - a blessed +4 elven short sword named Newtsbane (weapon in paw) Armor e - an uncursed +0 Hawaiian shirt (being worn) n - an uncursed +0 cloak of displacement (being worn) r - an uncursed -1 pair of leather gloves y - an uncursed +0 helm of brilliance (being worn) O - an uncursed +0 pair of fumble boots Q - an uncursed +0 elven shield (being worn) S - an uncursed +0 pair of speed boots (being worn) W - an uncursed -1 elven mithril-coat (being worn) Y - an uncursed +0 pair of gauntlets of power (being worn) Comestibles s - an uncursed sprig of wolfsbane L - an uncursed lizard corpse V - an uncursed lump of royal jelly Scrolls u - an uncursed scroll of enchant armor Wands m - an uncursed wand of secret door detection (0:15) p - an uncursed wand of cold (0:7) x - an uncursed wand of speed monster (0:3) B - an uncursed wand of sleep (0:5) F - an uncursed wand of probing (0:4) G - an uncursed wand of striking (0:6) H - an uncursed wand of cold (0:5) T - an uncursed wand of secret door detection (0:14) X - an uncursed wand of cancellation (0:2) Z - an uncursed wand of magic missile (0:5) Tools b - an uncursed bag of holding g - a cursed wax candle (0:400) i - a cursed oil lamp (lit) (0:609) k - an uncursed expensive camera (0:38) t - an uncursed blindfold v - an uncursed skeleton key Contents of the bag of holding: 716 gold pieces a cursed thoroughly rusty [-3] crested helmet [of opposite alignment] called crest magic an uncursed [+0] mummy wrapping a [uncursed] [+1] pair of [kicking boots] an uncursed +0 pair of jumping boots an uncursed -2 pair of levitation boots 3 uncursed chestnuts an uncursed cream pie 2 [uncursed] food rations an uncursed fortune cookie 2 uncursed pancakes 5 uncursed tripe rations an uncursed scroll [of confuse monster] labeled HAPAX LEGOMENON called hl1 an uncursed scroll [of consecration] labeled ELAM EBOW called ee3 an uncursed scroll [of create monster] labeled EIGOWA KIRAIDES called ek2 a blessed scroll [of destroy armor] labeled HACKEM MUCHE called hm1 a [uncursed] scroll [of earth] labeled VENZAR BORGAVVE called earth a [blessed] scroll [of earth] labeled VENZAR BORGAVVE called earth an uncursed scroll [of enchant weapon] labeled YUM YUM called earcew a [blessed] scroll [of gold detection] labeled FOOBIE BLETCH a [uncursed] scroll [of light] labeled EDEVESH HANAGASH a blessed scroll [of remove curse] labeled LEP GEX VEN ZEA called lgvz1? an uncursed scroll [of remove curse] labeled LEP GEX VEN ZEA called lgvz1? 5 [uncursed] scroll [of scare monster]'s labeled XYZZY called scare monster 2 uncursed scroll [of teleportation]'s labeled VERR YED HORRE called vyh1 a [blessed] scroll [of teleportation] labeled VERR YED HORRE called vyh1 2 uncursed scrolls of identify a [uncursed] unlabeled scroll [of blank paper] a [cursed] unlabeled scroll [of blank paper] a [uncursed] violet spellbook [of turn undead] a [uncursed] brilliant blue potion [of gain energy] a [uncursed] bubbly potion [of healing] 10 uncursed clear potion [of water]'s a cursed dark potion [of polymorph] called dark2 a [uncursed] effervescent potion [of gain level] a [blessed] fizzy potion [of monster detection] a [uncursed] golden potion [of restore ability] called gold1 a blessed magenta potion [of object detection] called od 3 uncursed potions of extra healing a [uncursed] puce potion [of gain ability] a [uncursed] sky blue potion [of booze] called b/j a [uncursed] wand of speed monster [0:6] 2 [uncursed] wax candles [0:400] a [uncursed] [worthless] blue gem 2 [uncursed] [worthless] green gems 4 [uncursed] [worthless] orange gems an uncursed [worthless] red gem 9 [uncursed] [worthless] violet gems 4 [uncursed] [worthless] yellow gems an uncursed violet gem [amethyst] Spells and supernatural/magical abilities: Name Level Category Fail Memory u - confuse monster 2 enchantment 100% 99% I - identify 3 divination 100% 99% W - pray for help -- divine ? -- Your skills at the end: Miscellaneous Skills wands [Basic] stealth [Skilled] Weapon Skills short sword [Basic] dart [Skilled] Spellcasting Skills Final Attributes: You were piously aligned. Your writing paw was a little cramped from use. You had infravision. You were displaced. You were very stealthy. You were very fast. You were lucky. You are dead. Vanquished creatures: a ghost a queen bee 2 water demons a small mimic a troll a tiger a gargoyle an ochre jelly 2 giants a human mummy a winter wolf cub 2 leprechauns a lizard 2 mountain nymphs a giant spider a scorpion 2 iron piercers a horse a vampire bat a dwarf mummy 2 Green-elves a rust monster a dingo 2 jaguars a blue jelly 3 Woodland-elves 2 snakes an ape a rope golem 4 soldier ants a baby crocodile 2 wood nymphs 4 Mordor orcs an orc shaman a pony 3 fog clouds a violet fungus 4 gnome lords 3 gnomish wizards a kobold mummy a golden naga hatchling a gray ooze a barrow wight an elf zombie a ghoul a paper golem 7 dwarves 2 homunculi 4 hill orcs 5 rothes a rabid rat a centipede a jitterbug 2 giant bats 4 monkeys 8 orc zombies 2 werejackals 8 killer bees 3 coyotes 3 gas spores 3 hobbits an acid blob 5 geckos 3 hobgoblins a giant rat a cave spider a brown mold 2 yellow molds a green mold 19 gnomes a jackal 2 foxes a kobold 3 newts a sewer rat 5 lichens a kobold zombie 172 creatures vanquished. Voluntary challenges: You did not adorn yourself with jewelry or accessories. You did not cause conflict. You were not invisible. You did not have reflection. You used a wielded weapon 77 times, starting on turn 552. You did not apply a unicorn horn. You did not use sinks. You did not drink any magical draughts. You read items or engraved 19 times, starting on turn 2. You never genocided any monsters. You never polymorphed an object. You never changed form. You used no wishes. You never split a pudding. You never wrote Elbereth's name. You violated your moral code, losing 1 point of alignment, starting on turn 291. Dungeon overview: The Dungeons of Doom: levels 1 to 18 Level 1 a long staircase Level 2 a delicatessen Level 3 (darts) an armor shop stairs to The Gnomish Mines Level 4 a fountain Level 5 Level 6 Level 7 Level 8 a sink stairs to Sokoban Level 9 Level 10 Level 11 some fountains Level 12 a fountain Level 13 Level 14 (quest) a fountain Level 15 Level 16 a sink Level 17 Level 18 <- You were here The Gnomish Mines: levels 4 to 9 Level 4 stairs to The Dungeons of Doom Level 5 Level 6 Level 7 some shops, a temple to The Lady, a magic chest, some fountains, a sink Level 8 Level 9 Sokoban: Level 7 a magic chest stairs to The Dungeons of Doom History has recorded: On T:1 you entered the Dungeons of Doom to retrieve the Amulet of Yendor! On T:10 you reached level 2 of The Dungeons of Doom. On T:31 you reached level 3 of The Dungeons of Doom. On T:145 you reached level 4 of The Dungeons of Doom. On T:157 you advanced to experience level 2. On T:167 you reached level 1 of The Gnomish Mines. On T:209 you advanced to experience level 3. On T:273 you reached level 3 of The Gnomish Mines. On T:276 you advanced to experience level 4. On T:276 you reached level 5 of The Gnomish Mines. On T:297 you advanced to experience level 5. On T:383 you reached level 6 of The Gnomish Mines. On T:406 you advanced to experience level 6. On T:557 you reached level 4 of The Gnomish Mines. On T:660 you advanced to experience level 7. On T:690 you opened a magic chest. On T:709 you entered the Minetown temple On T:856 you reached level 2 of The Gnomish Mines. On T:922 you reached level 5 of The Dungeons of Doom. On T:977 you reached level 6 of The Dungeons of Doom. On T:1038 you reached level 7 of The Dungeons of Doom. On T:1069 you advanced to experience level 8. On T:1094 you reached level 8 of The Dungeons of Doom. On T:1107 you reached level 4 of Sokoban. On T:1208 you reached level 9 of The Dungeons of Doom. On T:1236 you reached level 10 of The Dungeons of Doom. On T:1299 you reached level 11 of The Dungeons of Doom. On T:1365 you reached level 12 of The Dungeons of Doom. On T:1371 you advanced to experience level 9. On T:1388 you reached level 13 of The Dungeons of Doom. On T:1411 you reached level 14 of The Dungeons of Doom. On T:1437 you reached level 15 of The Dungeons of Doom. On T:1457 you reached level 16 of The Dungeons of Doom. On T:1470 you reached level 17 of The Dungeons of Doom. On T:1470 you entered the Rogue tribute level. On T:1479 you reached level 18 of The Dungeons of Doom. Score breakdown: Gold: 448 ( 44 points) Experience: 9 levels ( 800 points) Exploration: 18 levels ( 510 points) Discoveries: 51 items ( 2000 points) Variety of kills: 77 monsters ( 2000 points) Major goal: reached Minetown ( 500 points) Survival: died (score multiplied by 3) Total score: 17562 Latest messages: You destroy the elf zombie! The dart named +2 hits the vampire bat! You have no ammunition readied! j - 5 blessed darts named +2 (in quiver). You fill your quiver: j - 5 blessed darts named +2 (in quiver). You throw 2 darts named +2. The 1st dart named +2 hits the vampire bat! The 2nd dart named +2 hits the vampire bat! You kill the vampire bat! You see here a rust monster corpse. j - 2 blessed darts named +2 (in quiver). h - 2 blessed +2 darts named +2. There are a few more objects here. h - a blessed +2 dart named +2. You see here a gargoyle corpse. You kill the killer bee! You stab the troll! The troll claws you! (2x) The troll bites! You die... Final status: Aloha nht the Tourist, killed by a troll... You died in The Dungeons of Doom on dungeon level 18 with 14412 points, and 1045 pieces of gold, after 1514 moves. You were level 9 with a maximum of 45 hit points when you died.